 Dungeon Crawl Stone Soup version 0.26-a0-651-gb41185065b (webtiles) character file.

Game seed: 15608350259549014914

24 Lanoc the Skirmisher (level 2, -3/24 HPs)
             Began as a Demonspawn Chaos Knight on Oct 10, 2020.
             Was a Plaything of Xom.
             Slain by an adder (4 damage)
             ... on level 2 of the Dungeon.
             The game lasted 00:00:50 (434 turns).

Lanoc the Skirmisher (Demonspawn Chaos Knight)       Turns: 434, Time: 00:00:51

Health: -3/24      AC:  5    Str: 10 (12) XL:     2   Next: 79%
Magic:  2/2        EV: 11    Int: 12 (13) God:    Xom [..*...]
Gold:   20         SH:  0    Dex: 11 (12) Spells: 1/1 levels left

rFire    . . .     SeeInvis .   a - +0 mace (chaos)
rCold    . . .     Faith    +   (no shield)
rNeg     . . .     Spirit   .   b - +2 leather armour
rPois    .         Reflect  .   (no helmet)
rElec    .         Harm     .   (no cloak)
rCorr    .         Rampage  .   (no gloves)
MR       .....                  (no boots)
Stlth    +.........             e - amulet of faith
HPRegen  0.08/turn              (no ring)
MPRegen  0.08/turn              (no ring)

@: lethally poisoned (-3 -> -22)
A: powered by pain 1
a: Renounce Religion


You were on level 2 of the Dungeon.
You worshipped Xom.
You were a toy of Xom.
You visited 1 branch of the dungeon, and saw 2 of its levels.

You collected 20 gold pieces.

Inventory:

Hand Weapons
 a - a +0 mace of chaos (weapon)
Armour
 b - a +2 leather armour (worn)
Jewellery
 e - an amulet of faith (around neck)
Scrolls
 c - a scroll of amnesia {unknown}
 f - a scroll of remove curse {unknown}


   Skills:
 + Level 3.2 Fighting
 * Level 3.1 Maces & Flails
 + Level 2.1 Armour
 + Level 1.3 Dodging


You had one spell level left.
You didn't know any spells.
Your spell library was empty.

Dungeon Overview and Level Annotations

Branches:
Dungeon (2/15)

Altars:


Innate Abilities, Weirdness & Mutations

You sometimes gain a little power by taking damage.


Message History

You closely miss the adder.
The adder is severely wounded.
* * * LOW HITPOINT WARNING * * *
You feel sick. The adder bites you but does no damage.
The adder closely misses you.
It was a potion of degeneration.
There was something very wrong with that liquid.
You feel weakened.
You feel dopey.
You feel clumsy.
Xom roars with laughter!
* * * LOW HITPOINT WARNING * * *
You feel sick. The adder bites you.
* * * LOW HITPOINT WARNING * * *
You miss the adder.
The adder is severely wounded.
* * * LOW HITPOINT WARNING * * *
You feel sick. The adder bites you.
* * * LOW HITPOINT WARNING * * *
You are more poisoned.
The adder poisons you! The adder bites you.
You die...

......#.)....<##
. ##....##.#..#
...##...##.##..#
........##......#
#....#...#..#.#.#
#.##.#.#.#..#.#.#
. ....#.#.##.#.##
.....#..........
###...###@.......
#.#. #S#......
#.#. .g. .....
#.#. ##.#. ....
..### ... #.# #.
#.# ...


You could see an adder and a hobgoblin.

Vanquished Creatures
  An adder (D:2)
  An ooze (D:1)
  3 bats
  A hobgoblin (D:1)
  3 kobolds (D:1)
  2 rats (D:1)
11 creatures vanquished.

Notes
Turn   | Place    | Note
-------+----------+-------------------------------------------
     0 | D:1      | Lanoc the Demonspawn Chaos Knight began the quest for the
                  | Orb.
     0 | D:1      | Reached XP level 1. HP: 18/18 MP: 1/1
    44 | D:1      | Reached skill level 1 in Dodging
   231 | D:1      | XOM: potion effect (stabbing)
   234 | D:1      | XOM: silly message
   242 | D:1      | XOM: potion effect (berserk rage)
   247 | D:1      | Gained mutation: You sometimes gain a little power by
                  | taking damage. [demonic ancestry]
   247 | D:1      | Reached XP level 2. HP: 20/24 MP: 2/2
   434 | D:2      | HP: 1/24 [adder (1)]
   434 | D:2      | Slain by an adder

Illustrated notes

Levels and vault maps discovered:
D:1:      tarquinn_simple_flora_water_a, layout_basic, corner_web_ring,
          evilmike_ruin_ashenzari
D:2:      layout_rooms

Skill      XL: |  1 |
---------------+----+-----
Dodging        | 1 |  1.3
Maces & Flails | 3 |  3.1
Armour         | 2 |  2.1
Fighting       | |  3.2

Action                   || total
-------------------------++-------
Melee: Mace              ||    39
  Use: Potion            ||     1
Armor: Leather armour    ||    12
Dodge: Dodged            ||    45

Table legend: (Time is in decaauts)
 A = Elapsed time spent in this place.
 B = Non-inter-level travel time spent in this place.
 C = Inter-level travel time spent in this place.
 D = Time resting spent in this place.
 E = Time spent auto-exploring this place.
 F = Levels seen in this place.
 G = Mean time per level.
                   A        B        C        D        E       F      G
               +--------+--------+--------+--------+--------+-----+--------+
         Total |    456 |    432 |     24 |      0 |    328 |   2 |  228.0 |
       Dungeon |    456 |    432 |     24 |      0 |    328 |   2 |  228.0 |
               +--------+--------+--------+--------+--------+-----+--------+

Top non-repeatable levels by time:
     D:1: 422 daAuts
     D:2: 34 daAuts
